 Dungeon Crawl Stone Soup version 0.31.0-9-g3a7656b989 (webtiles) character file.

Game seed: 14330125172483893658

35 qw the Shooter (level 3, -4/20 HPs)
             Began as a Deep Elf Hunter on Feb 2, 2024.
             Slain by a +5 spectral club (7 damage)
             ... created by Jessica
             ... on level 2 of the Dungeon.
             The game lasted 00:00:02 (598 turns).

qw the Shooter (Deep Elf Hunter)                     Turns: 598, Time: 00:00:03

Health: -4/20      AC:  6    Str: 10    XL:     3   Next: 17%
Magic:  5/5        EV:  9    Int: 13    God:
Gold:   109        SH:  0    Dex: 18    Spells: 2/2 levels left

rFire   . . .        a - +0 shortbow
rCold   . . .        (shield currently unavailable)
rNeg    . . .        i - +0 scale mail
rPois   .            (no helmet)
rElec   .            (no cloak)
rCorr   .            (no gloves)
SInv    .            (no boots)
Will    .....        (no amulet)
Stlth   +            (no ring)
HPRegen 0.23/turn    (no ring)
MPRegen 0.09/turn

%: no passive effects
@: no status effects
A: no striking features
a: no special abilities


You were on level 2 of the Dungeon.
You visited 1 branch of the dungeon, and saw 2 of its levels.

You collected 109 gold pieces.


   Skills:
 - Level 1.5 Fighting
 + Level 6.8 Ranged Weapons
 - Level 2.4 Dodging
 - Level 1.2 Stealth


You had 2 spell levels left.
You didn't know any spells.
Your spell library was empty.

Inventory:

Hand Weapons
 a - a +0 shortbow (weapon)
Armour
 c - the +2 ring mail "Paysheete" {Harm}
   (You found it on level 2 of the Dungeon)

   Harm:      It increases damage dealt and taken.
 i - a +0 scale mail (worn)
Jewellery
 d - a ring of ice
Scrolls
 b - a scroll of immolation {unknown}
Potions
 e - a potion of curing {unknown}
 f - a potion of mutation {unknown}
 g - a potion of lignification {unknown}
 h - a potion of magic {unknown}

Dungeon Overview and Level Annotations

Branches:
Dungeon (2/15)

Altars:

Annotations:
D:2 Jessica


Message History

You shoot an arrow. The arrow hits the ball python.
You kill the ball python!
An endoplasm comes into view.
You shoot an arrow. The endoplasm quivers.
The arrow hits the endoplasm.
The endoplasm is heavily wounded.
You shoot an arrow. The arrow hits the endoplasm.
The endoplasm is almost dead.
You shoot an arrow. The arrow hits the endoplasm.
You kill the endoplasm!
Jessica the Apprentice Sorceress comes into view.
She is wielding a +5 spectral club.
Jessica shouts!
A bat comes into view.
You shoot an arrow.
The arrow hits Jessica but does no damage.
You shoot an arrow. The arrow barely misses the bat.
The bat hits you but does no damage. The bat hits you.
You shoot an arrow. The arrow barely misses the bat.
The bat closely misses you. The bat hits you but does no damage.
Jessica hits you but does no damage. The +5 spectral club hits you.
A +5 spectral club comes into view.
You shoot an arrow. The arrow hits Jessica.
Jessica is heavily wounded.
The bat barely misses you.
Jessica hits you with a +5 spectral club.
The +5 spectral club barely misses you.
You shoot an arrow. The arrow hits Jessica.
Jessica is almost dead.
The bat hits you but does no damage. Jessica casts a spell at you.
You barely resist. You shoot an arrow. The arrow closely misses Jessica.
The bat hits you but does no damage.
Jessica mumbles something strange.
Jessica hits you with a +5 spectral club.
The +5 spectral club hits you. The bat misses you.
Jessica hits you with a +5 spectral club.
The +5 spectral club hits you!
You die...

#. .. ... .###.# ..
..#.# #. #.#.#
#..#.#.##
#..#....####.#
##.....b@@....#
##...#...(###..#
...#.....## #
##.......#####.# #.
#..............#
#.##.#####..#####.#
#....# #.######.
...# #...>....
#.### #.#......


You could see a +5 spectral club, Jessica and a bat.

Vanquished Creatures
  2 dart slugs (D:1)
  A ball python (D:2)
  2 bats
  3 endoplasms
  4 giant cockroaches (D:1)
  A goblin (D:1)
  4 hobgoblins
  3 quokkas
  3 frilled lizards
  2 kobolds (D:1)
  2 rats (D:1)
27 creatures vanquished.

Notes
Turn   | Place    | Note
-------+----------+-------------------------------------------
     0 | D:1      | qw the Deep Elf Hunter began the quest for the Orb.
     0 | D:1      | Reached XP level 1. HP: 12/12 MP: 3/3
     0 | D:1      | 0 ||| qw: Version: 0.3-a-155-g5e7d8dd
     0 | D:1      | 0 ||| qw: Game counter: 703
     0 | D:1      | 0 ||| qw: Melee chars always use a shield: true
     0 | D:1      | 0 ||| qw: God list: Okawaru
     0 | D:1      | 0 ||| qw: Allow faded altars: false
     0 | D:1      | 0 ||| qw: Do Orc after clearing Dungeon:15 true
     0 | D:1      | 0 ||| qw: Do second Lair branch before Depths: true
     0 | D:1      | 0 ||| qw: Lair rune preference: random
     0 | D:1      | 0 ||| qw: Goals: Normal
     0 | D:1      | 0 ||| PLANNING D:1-11
    68 | D:1      | Reached XP level 2. HP: 16/16 MP: 4/4
    91 | D:1      | Reached skill level 6 in Ranged Weapons
   435 | D:1      | 435 ||| UPGRADING to +0 scale mail.
   445 | D:1      | 445 ||| DROPPING +0 leather armour.
   446 | D:1      | 446 ||| READING scroll labelled JIPNANL NAMONA.
   447 | D:1      | 447 ||| DROPPING scroll of butterflies.
   455 | D:2      | Reached XP level 3. HP: 20/20 MP: 5/5
   506 | D:2      | Identified the +2 ring mail "Paysheete" {Harm}
   592 | D:2      | Noticed Jessica
   598 | D:2      | HP: 3/20 [Jessica/+5 spectral club (5)]
   598 | D:2      | Slain by a +5 spectral club

Levels and vault maps discovered:
D:1:      dpeg_arrival_lava_temple_mockup, layout_basic
D:2:      layout_loops_ring, uniq_jessica

Skill      XL: |  1  2 |
---------------+-------+-----
Ranged Weapons | 6 |  6.8
Fighting       | |  1.5
Dodging        | |  2.4
Stealth        | |  1.2

Action                     || total
---------------------------++-------
   Fire: Shortbow          ||    68
    Use: Scroll            ||     1
 Armour: Leather armour    ||     4
         Scale mail        ||    14
  Dodge: Dodged            ||    13

Table legend:
 A = Non-vault XP
 B = Vault XP
 C = Vault XP percentage of total XP
 D = Non-vault monster count
 E = Vault monster count
 F = Vault count percentage of total count
                 A         B        C        D         E       F
            +---------+---------+-------+---------+---------+-------
      Total |      51 |       0 |   0.0 |      27 |       0 |   0.0
            +---------+---------+-------+---------+---------+-------
        D:1 |      40 |       0 |   0.0 |      21 |       0 |   0.0
        D:2 |      11 |       0 |   0.0 |       6 |       0 |   0.0
            +---------+---------+-------+---------+---------+-------
